cohdb
Replays
Latest Replays
All Replays
Popular Replays
Top Player Replays
Match Explorer
How It Works
Community
CoH3 Stats
Reddit
Sign in to upload your games and track your stats! →
Sign in with Steam
Match 42851714
Unlisted
Match 42851714
Overview
Messages
Build Orders
End
Pioneer Squad
Construct Infanterie Kompanie
Grenadier Squad
MG 42 Machine Gun Team
Grenadier Squad
Construct Luftwaffe Kompanie
Flak 30 Anti-aircraft Gun Team
Jäger Squad
Support Elements
Marder III M Tank Destroyer
Bananenratte
Nico-Nico-Nii~~
BlueSkidrow™
Nicko
0
0
Comments
sign in to comment!
No comments posted yet!